 Dungeon Crawl Stone Soup version 0.23.2-40-g277498a001 (webtiles) character file.

Game seed: 9471851616793811588

59 Descartes the Gusty (level 4, -4/24 HPs)
             Began as a Tengu Air Elementalist on Aug 30, 2019.
             Killed from afar by Sigmund (5 damage)
             ... with a puff of flame
             ... on level 3 of the Dungeon.
             The game lasted 00:08:13 (2698 turns).

Descartes the Gusty (Tengu Air Elementalist)        Turns: 2698, Time: 00:08:13

Health: -4/24      AC:  3    Str:  8    XL:     4   Next: 3%
Magic:  3/8        EV: 14    Int: 17    God:
Gold:   142        SH:  0    Dex: 14    Spells: 6/7 levels left

rFire    + . .     SeeInvis .   b - +0 short sword
rCold    . . .     Gourm    .   (no shield)
rNeg     . . .     Faith    .   g - +0 leather armour
rPois    .         Spirit   .   (helmet restricted)
rElec    .         Reflect  .   (no cloak)
rCorr    +         Harm     .   (no gloves)
MR       .....                  (boots unavailable)
Stlth    ++........             (no amulet)
HPRegen  0.08/turn              o - ring of resist corrosion
MPRegen  0.11/turn              a - ring of protection from fire

@: flying quickly and evasively, very slightly contaminated, quick
A: beak, talons 3
a: no special abilities


You were on level 3 of the Dungeon.
You were not hungry.

You visited 1 branch of the dungeon, and saw 3 of its levels.

You collected 142 gold pieces.

Inventory:

Hand Weapons
 b - a +0 short sword (weapon)
Missiles
 f - 12 bolts
 l - 7 poisoned needles
 p - 17 stones
 r - 3 javelins of returning (quivered)
 u - 23 arrows
Armour
 g - a +0 leather armour (worn)
 q - a +0 pair of boots
Jewellery
 a - a ring of protection from fire (right hand)
 o - a ring of resist corrosion (left hand)
Scrolls
 d - a scroll of identify {unknown}
 e - 2 scrolls of remove curse {unknown}
 i - a scroll of teleportation {unknown}
 k - a scroll of enchant armour {unknown}
 m - a scroll of random uselessness {unknown}
 n - a scroll of immolation {unknown}
 t - a scroll of magic mapping {unknown}
Comestibles
 c - 8 rations
 s - 2 chunks of flesh


   Skills:
 + Level 0.7 Fighting
 + Level 0.8 Armour
 + Level 2.6 Dodging
 + Level 2.2 Stealth
 * Level 2.4 Spellcasting
 * Level 2.4 Conjurations
 * Level 4.5 Air Magic


You had 6 spell levels left.
You knew the following spells:

 Your Spells              Type           Power        Failure   Level  Hunger
a - Shock                 Conj/Air       ##..         6%          1    #......

Your spell library contained the following spells:

 Spells                   Type           Power        Failure   Level  Hunger
 Swiftness                Chrm/Air       #.......     16%         2    ##.....
 Static Discharge         Conj/Air       ##......     19%         3    ###....
 Airstrike                Air            ###.......   36%         4    #####..
 Lightning Bolt           Conj/Air       ##........   86%         5    ######.


Dungeon Overview and Level Annotations

Branches:
Dungeon (3/15)

Altars:
Ashenzari

Annotations:
D:3 Sigmund


Innate Abilities, Weirdness & Mutations

You have a beak for a mouth.
You have claws for feet.


Message History

* * * LOW HITPOINT WARNING * * *
You barely miss Sigmund.
Sigmund is almost dead.
Sigmund hits you with a +0 scythe.
* * * LOW HITPOINT WARNING * * *
You feel less confused.
Found a scroll labeled GIAMEPU UXKOEF.
You hit Sigmund.
Sigmund is almost dead.
Sigmund hits you with a +0 scythe.
* * * LOW HITPOINT WARNING * * *
You completely miss Sigmund. Your peck misses Sigmund.
Sigmund is almost dead.
Sigmund gestures at you while chanting. You resist with some effort.
You closely miss Sigmund.
Sigmund is almost dead.
Sigmund points at you and mumbles some strange words.
The puff of flame hits you. You resist.
You die...

### ..? ..# #.#
#.# #.#
+.###.#########
##
+....@........(
..#
#####@.)#######
#.# #.#.# #.#
#.#.# #.# #.#.#
#.# #.#.# ##.#
#...#.# ##..#
#.###.# ##.#.##
#.# #.#
####.###.###


You could see Sigmund.

Vanquished Creatures
  A gnoll (D:1)
  4 dart slugs
  A leopard gecko (D:1)
  2 giant cockroaches
  4 hobgoblins
  2 kobolds
  3 quokkas
  A ball python (D:1)
  6 bats
  A frilled lizard (D:1)
  6 goblins (D:1)
  9 rats
40 creatures vanquished.

Notes
Turn   | Place    | Note
-------+----------+-------------------------------------------
     0 | D:1      | Descartes the Tengu Air Elementalist began the quest for
                  | the Orb.
     0 | D:1      | Reached XP level 1. HP: 10/10 MP: 4/4
   404 | D:1      | Reached XP level 2. HP: 15/15 MP: 1/6
  1232 | D:1      | Reached XP level 3. HP: 20/20 MP: 4/7
  1940 | D:2      | Found a shattered altar of Ashenzari.
  1944 | D:2      | Saw a vision of the Shoals and the Spider Nest.
  1944 | D:2      | Noticed a hippogriff
  1944 | D:2      | Noticed a sea snake
  1944 | D:2      | Noticed a merfolk siren
  1944 | D:2      | Noticed a wolf spider
  1944 | D:2      | Noticed a redback
  1944 | D:2      | Noticed a redback
  1944 | D:2      | Noticed a scorpion
  1944 | D:2      | Noticed a hippogriff
  1944 | D:2      | Noticed a redback
  1944 | D:2      | Noticed a sea snake
  1945 | D:2      | Noticed a merfolk
  1945 | D:2      | Noticed a redback
  2548 | D:3      | Reached XP level 4. HP: 24/24 MP: 6/8
  2675 | D:3      | Noticed Sigmund
  2696 | D:3      | HP: 1/24 [Sigmund/+0 scythe (3)]
  2698 | D:3      | Killed from afar by Sigmund

Skill      XL: |  1  2 |
---------------+-------+-----
Conjurations   | 2 |  2.4
Fighting       | |  0.7
Armour         | |  0.8
Dodging        | |  2.6
Stealth        | |  2.2
Spellcasting   | |  2.4
Air Magic      | |  4.5

Action                   |  1- 3 |  4- 6 || total
-------------------------+-------+-------++-------
Melee: Unarmed           |     4 |       ||     4
       Kick              |     2 |     2 ||     4
       Short sword       |     3 |     6 ||     9
 Cast: Shock             |    87 |     9 ||    96
  Use: Potion            |       |     2 ||     2
 Stab: Sleeping          |       |     1 ||     1
  Eat: Chunk             |     6 |     1 ||     7
Armor: Robe              |     1 |       ||     1
       Leather armour    |     5 |     1 ||     6
Dodge: Dodged            |    33 |     6 ||    39
